 Dungeon Crawl Stone Soup version 0.24-a0-615-g751f86b5a9 (webtiles) character file.

Game seed: 17125731526722871779, levelgen mode: deterministic

1115 Gynju the Arsonist (level 8, -2/41 HPs)
             Began as a Deep Elf Fire Elementalist on Sept 13, 2019.
             Was an Initiate of Vehumet.
             Slain by an orc wizard
             ... wielding a +0 dagger
              (3 damage)
             ... on level 5 of the Dungeon.
             The game lasted 00:08:57 (6745 turns).

Gynju the Arsonist (Deep Elf Fire Elementalist)     Turns: 6745, Time: 00:08:57

Health: -2/41      AC:  5    Str:  5    XL:     8   Next: 12%
Magic:  3/16       EV: 13    Int: 23    God:    Vehumet [......]
Gold:   306        SH:  0    Dex: 15    Spells: 10/15 levels left

rFire    . . .     SeeInvis .   s - +0 halberd
rCold    . . .     Gourm    .   (shield currently unavailable)
rNeg     . . .     Faith    +   a - +0 robe
rPois    .         Spirit   .   w - +0 helmet
rElec    .         Reflect  .   q - +0 cloak
rCorr    .         Harm     .   (no gloves)
MR       .....                  u - +0 pair of boots
Stlth    ++........             e - amulet of faith
HPRegen  0.13/turn              b - ring of flight
MPRegen  0.15/turn              (no ring)

@: lethally poisoned (-2 -> -13)
A: no striking features
a: Renounce Religion, Evoke Flight


You were on level 5 of the Dungeon.
You worshipped Vehumet.
Vehumet was noncommittal.
You were not hungry.

You visited 2 branches of the dungeon, and saw 6 of its levels.

You collected 306 gold pieces.

Inventory:

Hand Weapons
 d - a +0 mace
 s - a +0 halberd (weapon)
 y - a +0 vampiric short sword
Armour
 a - a +0 robe (worn)
 q - a +0 cloak (worn)
 u - a +0 pair of boots (worn)
 w - a +0 helmet (worn)
Jewellery
 b - a ring of flight (left hand)
 e - an amulet of faith (around neck)
Wands
 p - a wand of enslavement (8)
 t - a wand of disintegration (10)
Scrolls
 f - 3 scrolls of identify {@r1}
 g - 2 scrolls of enchant armour
 h - 2 scrolls of remove curse {@r2}
 i - a scroll of enchant weapon {unknown}
 m - 2 scrolls of teleportation
 o - 2 scrolls of magic mapping {unknown}
Potions
 j - a potion of curing {unknown}
 k - a potion of berserk rage
 l - 2 potions of brilliance
 n - 5 potions of heal wounds
 r - a potion of mutation
 x - a potion of haste
Comestibles
 c - 8 rations


   Skills:
 - Level 2.4 Dodging
 - Level 2.4 Stealth
 + Level 4.0 Spellcasting
 + Level 7.2 Conjurations
 + Level 8.0 Fire Magic


You had 10 spell levels left.
You knew the following spells:

 Your Spells              Type           Power        Failure   Level  Hunger
a - Flame Tongue          Conj/Fire      #####        1%          1    None
b - Sticky Flame          Conj/Fire      #####...     4%          4    ####...

Your spell library contained the following spells:

 Spells                   Type           Power        Failure   Level  Hunger
 Throw Flame              Conj/Fire      #####.       1%          2    #......
 Conjure Flame            Conj/Fire      #####...     1%          3    ##.....
 Inner Flame              Hex/Fire       ###.....     6%          3    ##.....
 Fireball                 Conj/Fire      #####.....   13%         5    ######.


Dungeon Overview and Level Annotations

Branches:
Dungeon (5/15)             Temple (1/1) D:4

Altars:
Ashenzari
Cheibriados
Dithmenos
Elyvilon
Fedhas
Gozag
Hepliaklqana
Kikubaaqudgha
Makhleb
Okawaru
Qazlal
Ru
Sif Muna
Trog
Uskayaw
Vehumet
Wu Jian
Xom
Yredelemnul
Zin
The Shining One


Message History

* * * LOW HITPOINT WARNING * * *
You feel sick. Something barely misses you.
Casting: Flame Tongue (safe; 1% risk of failure)
Confirm with . or Enter, or press ? or * to list all spells.
Aiming: Flame Tongue (safe; 1% risk of failure)
Press: ? - help, Shift-Dir - straight line, f/p - orc priest
Aim: an orc priest, wielding a +0 dagger and wearing a +0 leather armour The flame tongue misses the orc priest.
* * * LOW HITPOINT WARNING * * *
You feel sick. Something barely misses you.
The orc priest begins to cast a cantrip, but forgets the words!
Casting: Flame Tongue (safe; 1% risk of failure)
Confirm with . or Enter, or press ? or * to list all spells.
Aiming: Flame Tongue (safe; 1% risk of failure)
Press: ? - help, Shift-Dir - straight line, f/p - orc priest
Aim: an orc priest, wielding a +0 dagger and wearing a +0 leather armour The flame tongue hits something.
* * * LOW HITPOINT WARNING * * *
You feel sick. Something hits you.
You die...

##########
#####..o....o#
#...o(######{#
o....##### #@#
### #.# #.#
##.# #..#
S......# #.##
......# #.##
#.### .)...#
#..# ....#..
....# ##.#


You could see an orc priest.

Vanquished Creatures
  A water moccasin (D:5)
  4 ogres (D:4)
  2 scorpions (D:4)
  3 orc wizards
  4 orc priests
  A bullfrog skeleton (D:5)
  An iguana (D:3)
  3 worker ants (D:4)
  A worker ant zombie (D:5)
  Robin (D:4)
  9 adders
  2 shadow imps (D:5)
  2 oozes
  4 worms
  2 dart slugs
  A leopard gecko (D:2)
  18 orcs
  2 bat skeletons (D:2)
  8 giant cockroaches
  16 goblins
  7 hobgoblins
  8 jackals
  A quokka (D:5)
  A ball python (D:4)
  7 bats
  8 frilled lizards
  4 kobolds
  2 leopard gecko skeletons (D:2)
  A quokka skeleton (D:2)
  6 rats
130 creatures vanquished.

Notes
Turn   | Place    | Note
-------+----------+-------------------------------------------
     0 | D:1      | Gynju the Deep Elf Fire Elementalist began the quest for
                  | the Orb.
     0 | D:1      | Reached XP level 1. HP: 10/10 MP: 6/6
   425 | D:1      | Reached XP level 2. HP: 15/15 MP: 5/8
  1039 | D:2      | Reached skill level 4 in Fire Magic
  1039 | D:2      | Reached XP level 3. HP: 19/19 MP: 6/9
  1476 | D:2      | Reached XP level 4. HP: 18/24 MP: 8/10
  2354 | D:3      | Reached skill level 5 in Fire Magic
  2434 | D:3      | Reached XP level 5. HP: 28/28 MP: 7/11
  3398 | D:4      | Reached XP level 6. HP: 15/32 MP: 6/12
  3655 | D:4      | Reached skill level 5 in Conjurations
  3655 | D:4      | Reached skill level 6 in Fire Magic
  4124 | D:4      | Found a staircase to the Ecumenical Temple.
  4138 | Temple   | Entered the Ecumenical Temple
  4392 | D:4      | Noticed Robin
  4395 | D:4      | Reached XP level 7. HP: 24/36 MP: 2/13
  4642 | D:4      | Killed Robin
  4882 | D:4      | Reached skill level 7 in Fire Magic
  5148 | D:4      | HP: 1/36 [orc priest/divine providence (10)]
  5812 | D:4      | Learned a level 4 spell: Sticky Flame
  5917 | D:5      | Entered Level 5 of the Dungeon
  6296 | D:5      | Reached XP level 8. HP: 35/41 MP: 11/15
  6621 | D:5      | Found an ancient bone altar of Kikubaaqudgha.
  6622 | D:5      | Found a shattered altar of Ashenzari.
  6622 | D:5      | Found a radiant altar of Vehumet.
  6679 | D:5      | Became a worshipper of Vehumet
  6740 | D:5      | Reached skill level 8 in Fire Magic
  6744 | D:5      | HP: 2/41 [poisoned by a water moccasin]
  6745 | D:5      | Slain by an orc wizard

Levels and vault maps discovered:
D:1:      minmay_arrival_jagged, layout_rooms, amethyst_killhole,
          chequers_decorated_corner, roderic_lattice_a, minmay_misc_feat_rows,
          st_stairs_8, minmay_misc_feat_encased,
          hangedman_abyss_or_decor_lesser_grid, wad_floor_pattern_untrapped,
          chequers_serial_rivers_small_3
D:2:      minmay_angry_zag, layout_basic, serial_undead, serial_undead_e,
          serial_undead_c, serial_undead_c, serial_undead_b
D:3:      layout_loops_ring, first_ration
D:4:      layout_rooms, minmay_temple_entry_tees, uniq_robin
D:5:      layout_loops_cross, chequers_temple_overflow_statue_of_worship
Temple:   dpeg_five_rooms_temple

Skill      XL: |  1  2  3  4  5  6  7  8 |
---------------+-------------------------+-----
Conjurations   | 2 3 4 5 7 |  7.2
Fire Magic     | 4 5 6 7 8 |  8.0
Spellcasting   | 4 |  4.0
Dodging        | |  2.4
Stealth        | |  2.4

Action                   |  1- 3 |  4- 6 |  7- 9 || total
-------------------------+-------+-------+-------++-------
Melee: Mace              |     4 |     1 |       ||     5
       Unarmed           |     1 |       |       ||     1
       Falchion          |       |     1 |     3 ||     4
       Short sword       |       |       |    91 ||    91
 Cast: Flame Tongue      |    55 |   118 |   113 ||   286
  Use: Scroll            |       |       |     9 ||     9
 Stab: Sleeping          |       |     1 |     1 ||     2
  Eat: Chunk             |     2 |     7 |     9 ||    18
Armor: Robe              |    13 |     4 |    63 ||    80
Dodge: Dodged            |    31 |    22 |   108 ||   161
       Rpst.: Falchion   |       |     3 |     9 ||    12

Table legend:
 A = Non-vault XP
 B = Vault XP
 C = Vault XP percentage of total XP
 D = Non-vault monster count
 E = Vault monster count
 F = Vault count percentage of total count
                 A         B        C        D         E       F
            +---------+---------+-------+---------+---------+-------
      Total |    1516 |      78 |   4.9 |     104 |      26 |  20.0
            +---------+---------+-------+---------+---------+-------
        D:1 |      28 |       2 |   6.7 |      16 |       1 |   5.9
        D:2 |      47 |      39 |  45.3 |       9 |      13 |  59.1
        D:3 |     125 |       0 |   0.0 |      29 |       0 |   0.0
        D:4 |     996 |      35 |   3.4 |      37 |      11 |  22.9
        D:5 |     320 |       0 |   0.0 |      13 |       0 |   0.0
     Temple |       0 |       2 | 100.0 |       0 |       1 | 100.0
            +---------+---------+-------+---------+---------+-------
